 Dungeon Crawl Stone Soup version 0.32-a0-711-g016ad743e0 (webtiles) character file.

Game seed: 3339811734213984299

94 Fodor the Covered (level 4, -4/37 (41) HPs)
             Began as a Minotaur Fighter on Mar 15, 2024.
             Killed from afar by a laughing skull (26 damage)
             ... with a bolt of negative energy
             ... on level 1 of the Abyss.
             The game lasted 00:06:31 (1469 turns).

Fodor the Covered (Minotaur Fighter)                Turns: 1469, Time: 00:06:32

HP:   -4/37 (41)    AC: 13    Str: 22    XL:     4   Next: 38%
MP:   3/3           EV:  5    Int:  5    God:
Gold: 163           SH:  4    Dex: 10    Spells: 3/3 levels left

rFire   x . .        k - +16 obsidian axe {drain, demonic, Mesm ^Drain Fly SInv}
rCold   + . .        c - +0 buckler
rNeg    . . .        i - +0 plate armour
rPois   .            (helmet restricted)
rElec   .            h - +0 cloak
rCorr   .            (no gloves)
SInv    +            (no boots)
Will    .....        (no amulet) Stlth
                     a - ring of ice
HPRegen 0.26/turn    (no ring)
MPRegen 0.08/turn

%: no passive effects
@: flying, mesmerised, drained
A: horns 2, retaliatory headbutt
a: no special abilities


You were on level 1 of the Abyss.
You visited 1 branch of the dungeon, and saw 3 of its levels.
You visited the Abyss 1 time.

You collected 163 gold pieces.

Inventory:

Hand Weapons
 k - the +16 obsidian axe (weapon) {drain, demonic, Mesm ^Drain Fly SInv}
   (You found it on level 2 of the Dungeon)

   Mesm:      Its wielder is mesmerised by any visible foes, and it cannot be
   unequipped while any foes are visible.
   SInv:      It lets you see invisible.
   Fly:       It grants you flight.
   ^Drain:    It drains your maximum health when unequipped.
Armour
 c - a +0 buckler (worn)
 h - a +0 cloak (worn)
 i - a +0 plate armour (worn)
Jewellery
 a - a ring of ice (left hand)
Scrolls
 f - a scroll of fog {unknown}
 g - 2 scrolls of noise {unknown}
 j - a scroll of teleportation {unknown}
 l - 2 scrolls of identify {unknown}
 m - a scroll of revelation {unknown}
Potions
 b - a potion of degeneration {unknown}
 d - a potion of might
 e - 2 potions of curing {unknown}


   Skills:
 + Level 4.3 Fighting
 + Level 3.8 Axes
 + Level 4.7 Armour
 + Level 0.1 Dodging
 + Level 3.9 Shields


You had 3 spell levels left.
You didn't know any spells.
Your spell library contained the following spells:

 Spells                   Type           Power      Damage    Failure   Level
 Freeze                   Ice            0%         1d3       100%        1
 Magic Dart               Conj           0%         1d3       100%        1
 Searing Ray              Conj           0%         2d4       100%        2
 Frozen Ramparts          Ice            0%         1d1       100%        3
 Hailstorm                Conj/Ice       0%         3d5       100%        3
 Fulminant Prism          Conj/Alch      0%         3d5       100%        4


Dungeon Overview and Level Annotations

Branches:
Dungeon (3/15)

Altars:
Hepliaklqana
Okawaru
Qazlal
Uskayaw
Xom

Shops:
D:1 =(

Annotations:
D:3 Robin


Innate Abilities, Weirdness & Mutations

You have a pair of horns on your head.
You reflexively headbutt those who attack you in melee.


Message History

You closely miss the hobgoblin. Your headbutt misses the hobgoblin.
You slash the goblin!
You kill the goblin!
Visions of slaying the hobgoblin flood into your mind.
Your smoke demon gestures at Robin.
Robin is smitten.
You block the hobgoblin's attack.
Your smoke demon gestures at Robin.
The hobgoblin hits you.
The hobgoblin shakes off the sticky flame as it moves.
You hit the hobgoblin. You drain the hobgoblin.
You are no longer entranced.
You kill the hobgoblin!
Visions of slaying the hobgoblin flood into your mind.
Your smoke demon barely misses the hobgoblin.
Your smoke demon closely misses the hobgoblin.
Your smoke demon barely misses the hobgoblin.
Something barely misses your smoke demon.
The hobgoblin barely misses your smoke demon.
You barely miss Robin.
Robin is severely wounded.
Visions of slaying Robin flood into your mind.
Robin hits you but does no damage.
You are cast into the Abyss!
This branch contains the abyssal rune of Zot.
Your summoned ally is left behind.
Found a corrupted altar of Lugonu.
Found a corrupted altar of Lugonu.
HP restored.
A laughing skull comes into view. 2 laughing skulls come into view.
Visions of slaying the laughing skull flood into your mind.
The laughing skull gives a hideous shriek! x2
The laughing skull cackles spitefully.
The bolt of negative energy hits you!
You feel drained.
You miss the laughing skull.
The laughing skull lets out a vicious peal of laugher.
The bolt of negative energy hits you!!
You feel drained.
Ouch! That really hurt!
You die...
The laughing skull crumbles to pieces from sheer joy.

...## ~. # #....z#
... . .....z .#.
... #....#.. ....
...#..##.....#
###..z........#....
#....z..##... ...#
#....@#...#_ ......
.##..#..####.# # ..
#........##.#.....#
.....##...
...#.#.#.. ....
#....#.#........
#.....#...#.....#..
. #.......#.#._.# .
#. .....#.#...#
#...#...#........


You could see 3 laughing skulls.

Vanquished Creatures
  Crazy Yiuf (D:3)
  An adder (D:2)
  A dart slug (D:3)
  A ribbon worm (D:2)
  3 ball pythons
  5 endoplasms
  2 giant cockroaches
  11 goblins
  7 hobgoblins
  2 jackals (D:1)
  A quokka (D:2)
  A frilled lizard (D:1)
  5 kobolds
  6 rats
47 creatures vanquished.

Notes
Turn   | Place    | Note
-------+----------+-------------------------------------------
     0 | D:1      | Fodor the Minotaur Fighter began the quest for the Orb.
     0 | D:1      | Reached XP level 1. HP: 19/19 MP: 0/0
    64 | D:1      | Found Lemmadgh's One-of-a-Kind Rings.
   167 | D:1      | Reached XP level 2. HP: 27/27 MP: 1/1
   384 | D:1      | Found Utoozopn's Weapon Shop.
   871 | D:2      | Reached XP level 3. HP: 33/33 MP: 2/2
   941 | D:2      | Found the +16 obsidian axe {drain, demonic, Mesm ^Drain Fly
                  | SInv}
  1238 | D:3      | Found a runed translucent door.
  1239 | D:3      | Noticed Crazy Yiuf
  1243 | D:3      | Killed Crazy Yiuf
  1244 | D:3      | Reached XP level 4. HP: 40/40 MP: 3/3
  1271 | D:3      | Found a shimmering altar of Xom.
  1271 | D:3      | Found an iron altar of Okawaru.
  1279 | D:3      | Found a stormy altar of Qazlal.
  1281 | D:3      | Found a hide-covered altar of Uskayaw.
  1283 | D:3      | Found a hazy altar of Hepliaklqana.
  1434 | D:3      | Noticed Robin
  1445 | Abyss:1  | Found a corrupted altar of Lugonu.
  1445 | Abyss:1  | Cast into level 1 of the Abyss (Robin)
  1446 | Abyss:1  | Found a corrupted altar of Lugonu.
  1467 | Abyss:1  | Noticed a laughing skull
  1467 | Abyss:1  | Noticed a laughing skull
  1467 | Abyss:1  | Noticed a laughing skull
  1469 | Abyss:1  | Killed from afar by a laughing skull

Illustrated notes

Levels and vault maps discovered:
D:1:      spicycebolla_arrival_ecumenical, layout_loops_cross, serial_shops,
          nicolae_shop_bloodbath_and_beyond, nrook_mini_vaults,
          nicolae_shop_unique_rings
D:2:      layout_basic
D:3:      layout_basic, chequers_temple_overflow_minitemple, serial_shops,
          nicolae_shop_competitors_out_of_business, uniq_robin,
          uniq_crazy_yiuf_cottage
Abyss:1:  base:
Temple

Skill      XL: |  1  2  3 |
---------------+----------+-----
Armour         | 4 |  4.7
Fighting       | 4 |  4.3
Axes           | 3 |  3.8
Dodging        | |  0.1
Shields        | |  3.9

Action                     |  1- 3 |  4- 6 || total
---------------------------+-------+-------++-------
  Melee: War axe           |    48 |       ||    48
         Headbutt          |     7 |       ||     7
         Broad axe         |    12 |    14 ||    26
 Armour: Scale mail        |    19 |       ||    19
         Plate armour      |    25 |    16 ||    41
  Dodge: Dodged            |    20 |       ||    20
  Block: Buckler           |    12 |     1 ||    13

Table legend: (Time is in decaauts)
 A = Elapsed time spent in this place.
 B = Non-inter-level travel time spent in this place.
 C = Inter-level travel time spent in this place.
 D = Time resting spent in this place.
 E = Time spent auto-exploring this place.
 F = Levels seen in this place.
 G = Mean time per level.
                   A        B        C        D        E       F      G
               +--------+--------+--------+--------+--------+-----+--------+
         Total |   1497 |   1467 |     30 |      0 |    932 |   4 |  374.2 |
       Dungeon |   1473 |   1443 |     30 |      0 |    913 |   3 |  491.0 |
         Abyss |     24 |     24 |      0 |      0 |     19 |   1 |   24.0 |
               +--------+--------+--------+--------+--------+-----+--------+

Top non-repeatable levels by time:
     D:1: 668 daAuts
     D:2: 491 daAuts
     D:3: 314 daAuts
 Abyss:1: 24 daAuts
